AoeStats
← Alexander

Arena

510529173Analyzed
3v3 RM · 15h ago on Oct 1, 2026· 44m 5s· 6 players
Game mode
Random Map
Map size
Normal (6 player)
Population
200
Speed
Normal
Resources
Standard
Victory
Conquest
Starting age
Dark Age
Ending age
Imperial Age
RankedLock teamsTeams togetherTeam positionsShared explorationLock speedFull tech treeHidden civsTurbo modeCheats
Victory
Defeat
🇹🇼 Persians · Taiwan
1232
+16
🇯🇴 Malians · Jordan
1197
+18
🇨🇳 Spanish · China
1170
+19
🇹🇼 Saxons · Taiwan
1260
-19
🇹🇼 Cumans · Taiwan
1244
-18
🇹🇼 Italians · Taiwan
1190
-16
Prince Of The Darkness
10:18 Feudal Age
14:32 Castle Age
12:37 Stone Mining
13:05 Double-Bit Axe
15:15 Loom
15:57 Bow Saw
16:00 Horse Collar
17:42 Heavy Plow
18:04 Gold Mining
21:38 Scale Mail Armor
30:43 Chain Mail Armor
32:57 Forging
38:01 Imperial Age
39:40 Wheelbarrow
39:12 Scale Barding Armor
39:43 Iron Casting
40:26 Fletching
42:04 Husbandry
42:15 Bloodlines
41:39 Heavy Camel Rider
43:02 Bloodlines
43:33 Light Cavalry
BIGBANG
10:39 Feudal Age
14:16 Castle Age
12:25 Double-Bit Axe
15:10 Horse Collar
16:17 Herbal Medicine
16:59 Bow Saw
18:18 Fervor
25:42 Imperial Age
24:37 Scale Barding Armor
24:35 Inquisition
24:32 Town Watch
25:23 Wheelbarrow
24:53 Heavy Plow
26:24 Chain Barding Armor
26:44 Block Printing
26:55 Illumination
27:05 Theocracy
26:52 Sanctity
26:42 Redemption
27:41 Plate Barding Armor
27:38 Conscription
28:57 Gold Mining
Alexander
9:41 Feudal Age
10:53 Loom
14:06 Castle Age
12:35 Double-Bit Axe
13:17 Horse Collar
15:44 Bow Saw
19:50 Gold Mining
21:16 Pikeman
23:52 Forging
29:58 Imperial Age
28:43 Scale Mail Armor
29:43 Iron Casting
29:54 Squires
29:44 Halberdier
31:21 Chain Mail Armor
32:05 Gold Shaft Mining
34:06 Bloodlines
33:57 Husbandry
35:00 Chemistry
34:18 Cavalier
35:54 Scale Barding Armor
37:08 Ballistics
36:38 Savar
40:23 Chain Barding Armor
42:05 Arson
42:57 Plate Barding Armor
43:35 Conscription
43:41 Heavy Plow
王先生
10:43 Feudal Age
14:21 Castle Age
12:24 Double-Bit Axe
12:48 Horse Collar
15:36 Bow Saw
19:55 Wheelbarrow
19:07 Loom
19:12 Town Watch
20:20 Fortified Wall
21:14 Fortified Wall
21:30 Fletching
25:10 Hand Cart
32:04 Imperial Age
32:45 Cranequins
34:37 Thumb Ring
40:44 Bodkin Arrow
43:48 Gold Mining
43:49 Stone Mining
李大爺
8:31 Feudal Age
9:15 Double-Bit Axe
10:16 Horse Collar
19:00 Wheelbarrow
20:56 Castle Age
19:03 Gold Mining
20:41 Scale Barding Armor
20:47 Forging
21:55 Bloodlines
23:43 Iron Casting
26:11 Loom
26:59 Stone Mining
30:16 Imperial Age
28:26 Chain Barding Armor
28:54 Bow Saw
29:08 Light Cavalry
32:40 Blast Furnace
31:33 Cavalier
36:01 Ballistics
37:09 Hussar
39:36 Chemistry
38:30 Fletching
38:41 Padded Archer Armor
39:20 Plate Barding Armor
39:24 Steppe Husbandry
39:45 Conscription
42:04 Two-Man Saw
41:25 Leather Archer Armor
41:05 Bodkin Arrow
41:29 Leather Archer Armor
40:54 Pikeman
41:34 Squires
41:50 Halberdier
南港包大爺
10:54 Feudal Age
9:09 Loom
14:53 Castle Age
12:45 Double-Bit Axe
12:57 Horse Collar
14:17 Fletching
16:11 Bow Saw
20:26 Heavy Plow
24:44 Thumb Ring
24:37 Gold Mining
28:47 Imperial Age
26:52 Wheelbarrow
27:04 Bloodlines
26:55 Husbandry
27:28 Light Cavalry
29:45 Ballistics
30:29 Chemistry
29:51 Ballistics
31:23 Bodkin Arrow
31:29 Padded Archer Armor
31:35 Scale Barding Armor
32:58 Hussar
36:28 Elite Genoese Crossbowman
Connection lost

Rejoining the realm…

Still unreachable

The connection could not be restored.

Session expired

The server has moved on; the page needs a fresh start.